 Dungeon Crawl Stone Soup version 0.27-a0-1196-g3e9cee4cb2 (webtiles) character file.

Game seed: 10710322985857517049

5619 robertstho the Basher (level 10, 0/64 HPs)
             Began as a Gargoyle Fighter on May 27, 2021.
             Was a Believer of the Shining One.
             Slain by a six-headed hydra (7 damage)
             ... on level 6 of the Dungeon.
             The game lasted 00:12:15 (8535 turns).

robertstho the Basher (Gargoyle Fighter)            Turns: 8535, Time: 00:12:16

Health: 0/64       AC: 23    Str: 22    XL:     10   Next: 73%
Magic:  13/13      EV:  6    Int: 10    God:    the Shining One [**....]
Gold:   378        SH: 10    Dex:  9    Spells: 9/9 levels left

rFire    . . .     SeeInvis .   b - +4 eveningstar (holy)
rCold    + . .     Faith    .   c - +0 kite shield
rNeg     + + .     Spirit   .   n - +1 plate armour
rPois    ∞         Reflect  .   (no helmet)
rElec    +         Harm     .   a - +0 cloak
rCorr    .         Rampage  .   (no gloves)
Will     .....                  (no boots)
Stlth    ..........             (no amulet)
HPRegen  0.20/turn              k - ring of protection from cold
MPRegen  0.13/turn              p - ring of flight

@: flying, glowing
A: sickness immunity, AC +7, negative energy resistance 1, electricity
resistance, torment resistance 1, petrification resistance
a: Renounce Religion, Divine Shield


You were on level 6 of the Dungeon.
You worshipped the Shining One.
The Shining One was pleased with you.
You visited 2 branches of the dungeon, and saw 8 of its levels.

You collected 378 gold pieces.

Inventory:

Hand Weapons
 b - a +4 eveningstar of holy wrath (weapon)
Missiles
 D - a curare-tipped dart (quivered)
Armour
 a - a +0 cloak (worn)
 c - a +0 kite shield (worn)
 n - a +1 plate armour (worn)
Jewellery
 k - a ring of protection from cold (left hand)
 p - a ring of flight (right hand)
 z - a ring of protection from cold
Wands
 m - a wand of mindburst (11)
 w - a wand of acid (4)
 x - a wand of digging (5)
Scrolls
 e - 2 scrolls of identify
 g - 3 scrolls of enchant weapon
 r - a scroll of silence {unknown}
 s - 4 scrolls of torment {unknown}
 u - 2 scrolls of fear {unknown}
 y - 2 scrolls of brand weapon
 B - a scroll of enchant armour
 C - a scroll of immolation
Potions
 d - a potion of resistance
 h - a potion of lignification
 j - a potion of flight {unknown}
 l - 2 potions of cancellation
 o - 3 potions of heal wounds
 q - 2 potions of brilliance {unknown}
 t - a potion of attraction
 A - 2 potions of degeneration


   Skills:
 * Level 8.0 Fighting
 + Level 9.0 Maces & Flails
 * Level 7.9 Armour
 * Level 4.7 Dodging
 + Level 6.4 Shields
 * Level 5.0 Invocations


You had 9 spell levels left.
You didn't know any spells.
Your spell library contained the following spells:

 Spells                   Type           Power      Damage    Failure   Level
 Animate Skeleton         Necr           0%         N/A       100%        1
 Apportation              Tloc           0%         N/A       100%        1
 Corona                   Hex            0%         N/A       100%        1
 Summon Small Mammal      Summ           0%         N/A       100%        1


Dungeon Overview and Level Annotations

Branches:
Dungeon (7/15)             Temple (1/1) D:4

Altars:
Ashenzari
Cheibriados
Dithmenos
Elyvilon
Fedhas
Gozag
Hepliaklqana
Kikubaaqudgha
Makhleb
Nemelex Xobeh
Okawaru
Qazlal
Ru
Sif Muna
Trog
Vehumet
Wu Jian
Xom
Yredelemnul
Zin
The Shining One

Shops:
D:2 =   D:7 =

Annotations:
D:7 2 transporters, leviel's ghost, novice HOFi


Innate Abilities, Weirdness & Mutations

You are immune to sickness and miasma.
Your stone body is resilient. (AC +7)
You are immune to poison.
You resist negative energy. (rN+)
You are resistant to electric shocks. (rElec)
You are resistant to unholy torment.
You are immune to petrification.


Message History

You feel better.
The six-headed hydra bites you but does no damage. x2
You block the six-headed hydra's attack.
The six-headed hydra bites you but does no damage.
You block the six-headed hydra's attack.
The six-headed hydra bites you but does no damage.
Unknown command.
You feel better.
You block the six-headed hydra's attack.
The six-headed hydra bites you but does no damage. x3
You block the six-headed hydra's attack.
The six-headed hydra bites you but does no damage.
Unknown command.
You feel better. The six-headed hydra bites you. x2
The six-headed hydra bites you but does no damage. x2
You block the six-headed hydra's attack.
The six-headed hydra bites you but does no damage.
Unknown command.
It was a potion of cancellation.
Your magical effects are unravelling.
You feel magically purged.
You feel less wooden.
Your +0 cloak unmelds from your body.
Your +1 plate armour unmelds from your body.
You block the six-headed hydra's attack. x2
The six-headed hydra bites you!
* * * LOW HITPOINT WARNING * * *
The six-headed hydra bites you!
* * * LOW HITPOINT WARNING * * *
The six-headed hydra bites you but does no damage.
The six-headed hydra completely misses you.
As you read the scroll labelled ALOUKE UBLE, it crumbles to dust.
It is a scroll of amnesia.
You feel forgetful for a moment.
The six-headed hydra bites you but does no damage. x2
The six-headed hydra bites you.
* * * LOW HITPOINT WARNING * * *
The six-headed hydra bites you but does no damage.
The six-headed hydra bites you!
You die...

.....[...##.....##..#...........#
##....##............#......##..##
###..###.....#.#.####.......#....
..##.........###.## ##...........
..##..####..##....###........#...
###...# #.##<............#......
##....# ####...##...............
......# ###D#................
......# #...@...>.........#..
.....## ###...##.......#####.
..#### #....#.......## #. ..#
#........#....# ## ..#
#....#..##....# .##
##...#####..### ## #.....## ####
###....# ##[..#


You could see a six-headed hydra.

Vanquished Creatures
  Harold (D:7)
  A two-headed ogre (D:7)
  A cyclops (D:7)
  Grinder (D:4)
  Prince Ribbit (D:7)
  Sigmund (D:5)
  A wraith (D:7)
  Duvessa (D:4)
  An ice beast (D:7)
  A sky beast (D:6)
  2 black bears
  2 wolves (D:6)
  4 necrophages
  A phantom (D:6)
  3 centaurs
  A kobold brigand (D:7)
  A bullfrog (D:7)
  3 gnoll sergeants (D:6)
  2 wyvern zombies (D:6)
  2 water moccasin zombies
  Dowan (D:4)
  A water moccasin skeleton (D:6)
  2 vampire bats (D:3)
  8 hounds
  Crazy Yiuf (D:2)
  4 jellies
  2 gnoll shamans
  Terence (D:3)
  3 iguanas
  8 orc wizards
  A hound zombie (D:5)
  A hound skeleton (D:4)
  19 gnolls
  9 adders
  A shadow imp (D:6)
  A white imp (D:6)
  An ufetubus (D:5)
  An adder skeleton (D:2)
  A worm (D:2)
  4 dart slugs
  29 orcs
  4 bat skeletons (D:3)
  2 bat zombies (D:3)
  10 endoplasms
  3 giant cockroaches
  10 goblins
  3 hobgoblins
  8 jackals
  6 kobolds
  5 quokkas
  5 ball pythons
  4 bats
  3 frilled lizards
  6 rats
199 creatures vanquished.

Vanquished Creatures (others)
  An orc wizard (D:4)
1 creature vanquished.

Grand Total: 200 creatures vanquished

Notes
Turn   | Place    | Note
-------+----------+-------------------------------------------
     0 | D:1      | robertstho the Gargoyle Fighter began the quest for the
                  | Orb.
     0 | D:1      | Reached XP level 1. HP: 14/14 MP: 1/1
   370 | D:1      | Reached XP level 2. HP: 19/19 MP: 2/2
   635 | D:1      | Reached XP level 3. HP: 23/23 MP: 3/3
  1415 | D:2      | Reached XP level 4. HP: 25/29 MP: 4/4
  1623 | D:2      | Found a faded altar of an unknown god.
  1685 | D:2      | Found Hofeboz's Jewellery Emporium.
  1745 | D:2      | Found a runed translucent door.
  1746 | D:2      | Noticed Crazy Yiuf
  1952 | D:2      | Reached skill level 1 in Dodging
  1997 | D:2      | Identified a scroll of acquirement
  1997 | D:2      | Acquired a +3 eveningstar of holy wrath
  2218 | D:2      | Killed Crazy Yiuf
  2219 | D:2      | Reached skill level 3 in Maces & Flails
  2219 | D:2      | Reached XP level 5. HP: 25/33 MP: 5/5
  2980 | D:3      | Noticed Terence
  2984 | D:3      | Killed Terence
  3086 | D:3      | Found an ancient bone altar of Kikubaaqudgha.
  3091 | D:3      | Reached XP level 6. HP: 38/38 MP: 6/6
  3211 | D:4      | Reached skill level 4 in Maces & Flails
  3494 | D:4      | Noticed Dowan
  3502 | D:4      | Killed Dowan
  3504 | D:4      | Noticed Duvessa
  3563 | D:4      | Noticed a necrophage
  3577 | D:4      | Killed Duvessa
  3578 | D:4      | Reached skill level 5 in Armour
  3578 | D:4      | Reached XP level 7. HP: 23/44 MP: 7/7
  3727 | D:4      | Found a staircase to the Ecumenical Temple.
  3746 | D:4      | Noticed Grinder
  3754 | D:4      | Killed Grinder
  3755 | D:4      | Reached skill level 5 in Fighting
  3755 | D:4      | Reached skill level 5 in Maces & Flails
  3778 | Temple   | Entered the Ecumenical Temple
  3785 | Temple   | Became a worshipper of the Shining One
  4009 | D:4      | Reached XP level 8. HP: 49/49 MP: 8/8
  4179 | D:4      | Reached skill level 1 in Invocations
  4227 | D:5      | Entered Level 5 of the Dungeon
  4472 | D:5      | Reached skill level 5 in Shields
  4627 | D:5      | Found the +8 Vampire's Tooth {vamp}
  4692 | D:5      | Noticed Sigmund
  5181 | D:5      | Killed Sigmund
  5182 | D:5      | Reached skill level 6 in Maces & Flails
  5359 | D:5      | Found a shadowy altar of Dithmenos.
  5359 | D:5      | Found a broken altar of Ashenzari.
  5413 | D:6      | Reached XP level 9. HP: 35/55 MP: 10/10
  5616 | D:6      | Reached * piety under the Shining One
  5968 | D:6      | Reached skill level 7 in Maces & Flails
  6538 | D:7      | Found Esmon's Jewellery Boutique.
  6538 | D:7      | Noticed Prince Ribbit
  6722 | D:7      | Noticed a cyclops
  6732 | D:7      | Reached XP level 10. HP: 47/63 MP: 11/13
  6734 | D:7      | Killed a cyclops
  6735 | D:7      | Reached skill level 8 in Maces & Flails
  6965 | D:7      | Noticed Harold
  6989 | D:7      | Killed Harold
  7004 | D:7      | Killed Prince Ribbit
  7447 | D:7      | Noticed leviel's ghost (novice HOFi)
  7447 | D:7      | Reached ** piety under the Shining One
  7450 | D:7      | Found a transporter.
  7466 | D:7      | Found a transporter.
  7599 | D:7      | Noticed a moth of wrath
  7599 | D:7      | a yaktaur changed into a moth of wrath
  7609 | D:7      | a moth of wrath changed into a swamp worm
  7629 | D:7      | Noticed a two-headed ogre
  7630 | D:7      | Noticed a two-headed ogre
  7643 | D:7      | Killed a two-headed ogre
  7644 | D:7      | Reached skill level 9 in Maces & Flails
  7644 | D:7      | Reached skill level 5 in Invocations
  7750 | D:7      | Noticed a six-headed hydra
  7791 | D:7      | Noticed a salamander
  7791 | D:7      | a wind drake changed into a salamander
  7825 | D:7      | Noticed a sea snake
  8478 | D:7      | Noticed an ettin
  8485 | D:7      | Noticed a fire dragon
  8485 | D:7      | an ettin changed into a fire dragon
  8492 | D:7      | Noticed an anaconda
  8492 | D:7      | a fire dragon changed into an anaconda
  8535 | D:6      | Slain by a six-headed hydra

Illustrated notes

Levels and vault maps discovered:
D:1:      amcnicky_arrival_feature_with_door, layout_loops_ring
D:2:      layout_basic, serial_shops, nicolae_shop_crystal,
          chequers_ecumenical_altar_grove, minivault_23,
          minmay_randomly_rotated_circles, uniq_crazy_yiuf_cottage
D:3:      layout_rooms, kennysheep_vampire_church, uniq_terence
D:4:      layout_loops_ring, temple_pool_b, uniq_grinder, uniq_duvessa
D:5:      layout_loops_ring, gammafunk_temple_overflow_pools, uniq_sigmund
D:6:      layout_cave_pools, serial_gnoll_camp, gnoll_camp_mini_doghouse,
          gnoll_camp_mini_hut, gnoll_camp_mini_doghouse, gnoll_camp_huts_basic,
          gnoll_camp_mini_loothouse, kennysheep_cross_room
D:7:      minmay_chambers_of_sixes, layout_basic, serial_shops,
          nicolae_shop_crystal, gammafunk_ghost_arena, minmay_small_thing,
          uniq_prince_ribbit1, uniq_harold
Temple:   nicolae_temple_no_exploring_needed

Skill      XL: |  1  2  3  4  5  6  7  8  9 10 |
---------------+-------------------------------+-----
Armour         | 4 5 6 7 |  7.9
Dodging        | 1 2 3 4 |  4.7
Maces & Flails | 3 4 5 6 7 9 |  9.0
Fighting       | 4 5 6 7 8 |  8.0
Shields        | 4 5 6 |  6.4
Invocations    | 2 4 5 |  5.0

Action                   |  1- 3 |  4- 6 |  7- 9 | 10-12 || total
-------------------------+-------+-------+-------+-------++-------
Melee: Flail             |   130 |    66 |       |       ||   196
       Eveningstar       |       |   121 |   260 |    55 ||   436
Evoke: Wand              |       |       |       |     2 ||     2
  Use: Scroll            |       |     7 |     6 |     2 ||    15
       Potion            |       |     1 |       |     9 ||    10
Armor: Scale mail        |     5 |       |       |       ||     5
       Chain mail        |    63 |    84 |       |       ||   147
       Plate armour      |       |   125 |   243 |    48 ||   416
       Skin              |       |       |       |    21 ||    21
Dodge: Dodged            |    34 |    49 |    84 |    22 ||   189
Block: Kite shield       |    75 |   140 |   167 |    54 ||   436

Table legend: (Time is in decaauts)
 A = Elapsed time spent in this place.
 B = Non-inter-level travel time spent in this place.
 C = Inter-level travel time spent in this place.
 D = Time resting spent in this place.
 E = Time spent auto-exploring this place.
 F = Levels seen in this place.
 G = Mean time per level.
                   A        B        C        D        E       F      G
               +--------+--------+--------+--------+--------+-----+--------+
         Total |   8812 |   8607 |    205 |   1060 |   5903 |   8 | 1101.5 |
       Dungeon |   8797 |   8599 |    198 |   1060 |   5903 |   7 | 1256.7 |
        Temple |     14 |      7 |      7 |      0 |      0 |   1 |   14.0 |
               +--------+--------+--------+--------+--------+-----+--------+

Top non-repeatable levels by time:
     D:7: 2014 daAuts
     D:2: 1297 daAuts
     D:5: 1211 daAuts
     D:6: 1176 daAuts
     D:1: 1131 daAuts
     D:4: 1104 daAuts
     D:3: 862 daAuts
  Temple: 14 daAuts
